 Dungeon Crawl Stone Soup version 0.19.1-1-g22dce08 (webtiles) character file.

100 galech the Skirmisher (level 4, 0/49 HPs)
             Began as an Ogre Fighter on Jan 19, 2017.
             Slain by an ogre
             ... wielding a +0 giant club
              (28 damage)
             ... on level 3 of the Dungeon.
             The game lasted 00:04:15 (1523 turns).

galech the Skirmisher (Ogre Fighter)                Turns: 1523, Time: 00:04:16

Health: 0/49       AC:  4    Str: 22    XL:     4   Next: 73%
Magic:  4/4        EV:  8    Int:  7    God:
Gold:   100        SH:  8    Dex:  9    Spells: 0 memorised, 3 levels left

rFire  . . .     SeeInvis .     a - +0 flail
rCold  . . .     Gourm    .     b - +0 robe
rNeg   . . .     Faith    .     c - +0 shield
rPois  .         Spirit   .     (helmet restricted)
rElec  .         Reflect  .     s - +0 cloak
rCorr  .         Harm     .     (gloves unavailable)
MR     .....                    (boots unavailable)
Stlth  +.........               i - amulet of rage
                                (no ring)
                                (no ring)

@: no status effects
A: unfitting armour, tough skin 1
a: Evoke Berserk Rage


You were on level 3 of the Dungeon.
You were not hungry.

You visited 1 branch of the dungeon, and saw 3 of its levels.

You collected 100 gold pieces.

Inventory:

Hand Weapons
 a - a +0 flail (weapon)
Armour
 b - a +0 robe (worn)
 c - a +0 shield (worn)
 s - a +0 cloak (worn)
Jewellery
 i - an amulet of rage (around neck)
Wands
 v - a wand of heal wounds (6/9)
Scrolls
 e - 2 scrolls of random uselessness {unknown}
 h - 2 scrolls of identify {unknown}
 l - a scroll of amnesia {unknown}
 q - a scroll of teleportation {unknown}
 r - 2 scrolls of immolation {unknown}
 u - 3 scrolls of enchant weapon {unknown}
Potions
 d - a potion of might
 g - a potion of magic {unknown}
 j - a potion of curing {unknown}
 k - a potion of degeneration {unknown}
 m - a potion of lignification {unknown}
 n - a potion of mutation {unknown}
 o - a potion of resistance {unknown}
 t - 3 potions of brilliance {unknown}
 w - a potion of berserk rage {unknown}
Comestibles
 f - a bread ration
 p - 2 meat rations
 x - 2 chunks of flesh


   Skills:
 + Level 4.9 Fighting
 + Level 4.4 Maces & Flails
 + Level 3.6 Dodging
 - Level 2.6 Shields


You had 3 spell levels left.
You didn't know any spells.

Dungeon Overview and Level Annotations

Branches:
Dungeon (3/15)

Altars:

Annotations:
D:3 Sagrath01's ghost, weakling HOWn


Innate Abilities, Weirdness & Mutations

You are too large for most types of armour.
You have tough skin. (AC +1)


Message History

You kill the rat!
No target in view!
You see here a rat corpse.
You butcher the rat corpse.
x - 2 chunks of flesh (gained 1)
You see here a rat skeleton.
You start resting.
An ogre comes into view. It is wielding a giant club.
The ogre shouts!
The ogre closely misses you.
Found a scroll labeled GAGOECWOSSI.
You barely miss the ogre. The ogre closely misses you.
You sock the ogre!
The ogre is heavily wounded.
The ogre hits you with a giant club!!
You completely miss the ogre.
The ogre is heavily wounded.
The ogre hits you with a giant club!!
Ouch! That really hurt!
You die...

...... ...... $... ...
.######.#####.# ?
...............!
#..####..รท####..#.
..................
#.....@...##..###
#####O###.##.###
####.###......#
##.......##....#
##.........#....#
#...............#
##########.........>.....#
.....................#####
###########.........##


You could see an ogre.

Vanquished Creatures
  Terence (D:3)
  2 adders (D:2)
  A worm (D:2)
  2 dart slugs (D:1)
  2 leopard geckos
  10 bats
  A giant cockroach (D:1)
  5 goblins (D:1)
  7 hobgoblins
  2 jackals (D:2)
  A quokka (D:2)
  3 ball pythons
  4 frilled lizards
  2 kobolds (D:2)
  4 rats
47 creatures vanquished.

Notes
Turn   | Place    | Note
-------+----------+-------------------------------------------
     0 | D:1      | galech the Ogre Fighter began the quest for the Orb.
     0 | D:1      | Reached XP level 1. HP: 24/24 MP: 1/1
    83 | D:1      | Reached XP level 2. HP: 25/32 MP: 2/2
   300 | D:1      | Reached XP level 3. HP: 31/39 MP: 3/3
   873 | D:2      | Reached XP level 4. HP: 40/49 MP: 4/4
  1333 | D:3      | Noticed Terence
  1352 | D:3      | Killed Terence
  1363 | D:3      | Noticed Sagrath01's ghost (weakling HOWn)
  1519 | D:3      | Noticed an ogre
  1523 | D:3      | Slain by an ogre

Skill      XL: |  1  2  3 |
---------------+----------+-----
Maces & Flails | 3 4 |  4.4
Dodging        | 3 |  3.6
Fighting       | |  4.9
Shields        | |  2.6

Action                   |  1- 3 |  4- 6 || total
-------------------------+-------+-------++-------
Melee: Flail             |   101 |    51 ||   152
  Eat: Bread ration      |       |     1 ||     1
       Chunk             |       |     1 ||     1
Armor: Robe              |    44 |    19 ||    63
Dodge: Dodged            |    29 |    17 ||    46
Block: Shield            |    59 |    21 ||    80
